 Dungeon Crawl Stone Soup version 0.27.0-1-g7a089689b8 (webtiles) character file.

Game seed: 2655808409774247073

2 theswoord the Firebug (level 1, -1/15 HPs)
             Began as a Naga Fire Elementalist on Aug 12, 2021.
             Slain by a jackal (2 damage)
             ... on level 1 of the Dungeon.
             The game lasted 00:02:56 (156 turns).

theswoord the Firebug (Naga Fire Elementalist)       Turns: 156, Time: 00:02:57

Health: -1/15      AC:  1    Str: 10    XL:     1   Next: 40%
Magic:  3/3        EV:  9    Int: 15    God:
Gold:   0          SH:  0    Dex: 11    Spells: 3/4 levels left

rFire    . . .     SeeInvis +   b - +0 mace
rCold    . . .     Faith    .   (no shield)
rNeg     . . .     Spirit   .   a - +0 robe
rPois    +         Reflect  .   (no helmet)
rElec    .         Harm     .   (no cloak)
rCorr    .         Rampage  .   (no gloves)
Will     .....                  (no barding)
Stlth    ++........             (no amulet)
HPRegen  0.05/turn              (no ring)
MPRegen  0.08/turn              (no ring)

@: very slow
A: AC +0, large, see invisible, deformed body, poison resistance, slowness 2,
spit poison 1, naga tail 1
a: Spit Poison


You were on level 1 of the Dungeon.
You visited 1 branch of the dungeon, and saw 1 of its levels.

Inventory:

Hand Weapons
 b - a +0 mace (weapon)
Armour
 a - a +0 robe (worn)


   Skills:
 - Level 1.5 Dodging
 - Level 3.0 Stealth
 + Level 2.0 Spellcasting
 + Level 1.1 Conjurations
 * Level 3.1 Fire Magic


You had 3 spell levels left.
You knew the following spells:

 Your Spells              Type           Power      Damage    Failure   Level
a - Foxfire               Conj/Fire      28%        2x1d5     10%         1

Your spell library contained the following spells:

 Spells                   Type           Power      Damage    Failure   Level
 Conjure Flame            Conj/Fire      7%         6-21      28%         3
 Inner Flame              Hex/Fire       6%         N/A       34%         3
 Sticky Flame             Conj/Fire      7%         2d3       67%         4
 Fireball                 Conj/Fire      3%         3d4       95%         5


Dungeon Overview and Level Annotations

Branches:
Dungeon (1/15)

Altars:

Shops:
D:1 =


Innate Abilities, Weirdness & Mutations

Your serpentine skin is tough. (AC +0)
You have supernaturally acute eyesight. (SInv)
Armour fits poorly on your strangely shaped body.
Your system is resistant to poisons. (rPois)
You cover ground very slowly.
You can spit poison.
You have a snake-like lower body.


Message History

The splash of poison hits the jackal but does no damage.
The jackal is poisoned.
The jackal barks!
You hear a bark!
A jackal comes into view.
A kobold comes into view. It is wielding a +0 dagger.
You have got your breath back.
The kobold shouts!
The jackal barely misses you. The jackal bites you.
Casting: Foxfire (safe; 10% risk of failure)
Confirm with . or Enter, or press ? or * to list all spells.
You conjure some foxfire!
There are monsters nearby!
Your foxfire dissipates!
The jackal looks more healthy.
The foxfire hits the jackal but does no damage.
The jackal barely misses you.
The jackal bites you but does no damage.
The jackal bites you. The jackal closely misses you.
You hit the jackal.
The jackal is severely wounded.
The jackal bites you. The jackal barely misses you.
You barely miss the jackal.
The jackal is severely wounded.
The jackal bites you. x2
* * * LOW HITPOINT WARNING * * *
You closely miss the jackal.
The jackal is severely wounded.
The jackal bites you.
* * * LOW HITPOINT WARNING * * *
The jackal bites you but does no damage.
You closely miss the jackal.
The jackal is severely wounded.
The jackal barely misses you. The jackal bites you.
* * * LOW HITPOINT WARNING * * *
You closely miss the jackal.
The jackal is severely wounded.
The jackal bites you.
You die...

#.##..#..........##
#.######..........#
#.##########.###..#
#............# #..#
######.....#####..######
# #.###.............. #
# #######..#####. # #..#
# #@## # #h# # #h## #
#hK# # #..# # #..#
#####..# #......#
#...##.#


You could see 3 jackals and a kobold.

Vanquished Creatures
  A hobgoblin (D:1)
  A kobold (D:1)
  A rat (D:1)
3 creatures vanquished.

Vanquished Creatures (others)
  6 foxfires (D:1)
6 creatures vanquished.

Grand Total: 9 creatures vanquished

Notes
Turn   | Place    | Note
-------+----------+-------------------------------------------
     0 | D:1      | theswoord the Naga Fire Elementalist began the quest for
                  | the Orb.
     0 | D:1      | Reached XP level 1. HP: 15/15 MP: 3/3
    51 | D:1      | Found Beihepni's Jewellery Boutique.
   156 | D:1      | Slain by a jackal

Action                   || total
-------------------------++-------
Melee: Mace              ||     7
 Cast: Foxfire           ||     5
 Abil: Spit Poison       ||     1
Armor: Robe              ||     3
Dodge: Dodged            ||     6

Levels and vault maps discovered:
D:1:      mrwooster_arrival_arrow, layout_loops_ring, serial_shops,
          nicolae_shop_statue_plus, st_stairs_8
